 Dungeon Crawl Stone Soup version 0.29-a0-284-gf9362112df (webtiles) character file.

Game seed: 1221004066917317077

569 enile the Skirmisher (level 7, 0/56 HPs)
             Began as a Djinni Fire Elementalist on Mar 24, 2022.
             Was a Believer of Dithmenos.
             Slain by a gnoll
             ... wielding a +0 spear
              (5 damage)
             ... on level 5 of the Dungeon.
             The game lasted 00:05:34 (6454 turns).

enile the Skirmisher (Djinni Fire Elementalist)     Turns: 6454, Time: 00:05:35

Health: 0/56       AC:  2    Str: 13    XL:     7   Next: 60%
Gold:   228        EV:  7    Int: 18    God:    Dithmenos [**....] SH:  0 Dex: 14

rFire   + + .      SeeInvis .   r - +8 hand axe of Dominance {venom, Stlth+}
rCold   x . .      Faith    .   o - orb {*Rage}
rNeg    . . .      Spirit   .   a - +0 robe
rPois   ∞          Reflect  .   (no helmet)
rElec   .          Harm     .   (no cloak)
rCorr   .          Rampage  .   (no gloves)
Will    .....      Rage     20% (boots unavailable)
Stlth   +++.......              (no amulet)
HPRegen 0.18/turn               u - +6 ring of strength
MPRegen 0.00/turn               (no ring)

@: mighty, weak-willed, flying, held, wreathed by umbra
A: sickness immunity, fire resistance 2, cold vulnerability 1, float, innate
caster, HP casting, extra vitality 1
a: Renounce Religion, Shadow Step


You were on level 5 of the Dungeon.
You worshipped Dithmenos.
Dithmenos was pleased with you.
You visited 1 branch of the dungeon, and saw 5 of its levels.

You collected 228 gold pieces.

Inventory:

Hand Weapons
 c - a +0 dagger
 r - the +8 hand axe of Dominance (weapon) {venom, Stlth+}
   (You found it on level 3 of the Dungeon)

   It poisons the flesh of those it strikes.
   Stlth:     It makes you more stealthy.
Armour
 a - a +0 robe (worn)
 o - an orb of wrath (worn)
Jewellery
 u - a +6 ring of strength (left hand)
Wands
 w - a wand of acid (13)
Scrolls
 d - 2 scrolls of fog
 f - 4 scrolls of teleportation
 j - a scroll of immolation
 m - a scroll of brand weapon
 n - 2 scrolls of torment
 p - a scroll of enchant armour
Potions
 b - a potion of might
 e - a potion of berserk rage {unknown}
 g - a potion of invisibility {unknown}
 h - 3 potions of ambrosia {unknown}
 i - a potion of curing {unknown}
 k - 2 potions of degeneration {unknown}
 l - a potion of brilliance {unknown}
 q - a potion of heal wounds {unknown}
 v - a potion of haste {unknown}


   Skills:
 - Level 6.0 Fighting
 + Level 2.9 Dodging
 - Level 1.5 Stealth
 - Level 4.0 Spellcasting


You couldn't memorise any spells.
You knew the following spells:

 Your Spells              Type           Power      Damage    Failure   Level
a - Foxfire               Conj/Fire      72%        2x1d7     2%          1
b - Scorch                Fire           36%        2d7       4%          2
c - Conjure Flame         Conj/Fire      18%        6-21      9%          3
d - Inner Flame           Hex/Fire       18%        N/A       9%          3
e - Flame Wave            Conj/Fire      18%        2d6       28%         4
f - Animate Skeleton      Necr           36%        N/A       2%          1
g - Ensorcelled Hibernat  Hex/Ice        36%        N/A       4%          2
h - Static Discharge      Conj/Air       18%        N/A       4%          2
Your spell library was empty.

Dungeon Overview and Level Annotations

Branches:
Dungeon (5/15)
 Temple: D:4-7

Altars:
Dithmenos
Uskayaw
Xom

Shops:
D:2 !


Innate Abilities, Weirdness & Mutations

You are immune to sickness and miasma.
You are immune to poison.
Your flesh is very heat resistant. (rF++)
You are vulnerable to cold. (rC-)
You float through the air rather than walking.
You learn spells naturally, not from books.
Your magical power is your life essence.
You have superior vitality. (+4 MHP)


Message History

Confirm with . or Enter, or press ? or * to list all spells.
The gnoll shaman is struck by an arc of lightning!
Flame seeps out of the gnoll shaman.
The gnoll shaman is heavily wounded.
The lightning grounds out.
The hound barely misses you.
The gnoll shaman is engulfed in blazing flames.
Dithmenos accepts your kill.
The gnoll shaman explodes!
The fiery explosion engulfs the hound!!
The hound is burned terribly!
You kill the hound!
Dithmenos accepts your kill.
The fiery explosion engulfs the gnoll!
You kill the gnoll!
Dithmenos accepts your kill. The fiery explosion engulfs you! You resist.
The fiery explosion engulfs the gnoll!!!
You kill the gnoll!
Dithmenos accepts your kill.
Training target 6.0 for Fighting reached!
Your Fighting skill increases to level 6!
You need to enable at least one skill for training.
As you read the scroll labelled HETHAR VYKH, it crumbles to dust.
You hear a loud clanging noise!
It was a scroll of noise.
You are engulfed in blazing flames.
You resist.
You hear a shout! x4
The water moccasin is engulfed in blazing flames.
The gnoll barely misses you.
As you read the scroll labelled TUYTWANOZI, it crumbles to dust.
Magic quickly surges around you.
It was a scroll of vulnerability.
You are engulfed in blazing flames.
You resist.
* * * LOW HITPOINT WARNING * * *
The gnoll barely misses you.
It was a potion of might.
You feel very mighty all of a sudden.
You are engulfed in blazing flames.
You resist.
* * * LOW HITPOINT WARNING * * *
The gnoll hits you with a +0 whip.
* * * LOW HITPOINT WARNING * * *
The gnoll hits you from afar with a +0 spear.
You die...

..# #..
#..## ##
#...# ..
#.#.#
#.#..<#
#.....##
###....#
#§§@.#
+....§)§g#
#####§§§gl#
#...#S#
#...#)S
#...##)#
###.. ).
#.. ...


You could see a water moccasin (weak-willed), an iguana (weak-willed), 2 gnolls
and an adder (weak-willed).

Vanquished Creatures
  Eustachio (D:4)
  A bullfrog (D:4)
  A hound (D:5)
  2 gnoll shamans
  Ijyb (D:4)
  An orc wizard (D:5)
  11 gnolls
  4 adders
  3 dart slugs
  6 orcs
  4 bats
  7 endoplasms
  5 giant cockroaches
  4 goblins
  5 hobgoblins
  5 quokkas
  6 ball pythons
  6 frilled lizards
  4 kobolds
  9 rats
86 creatures vanquished.

Vanquished Creatures (others)
  355 foxfires
355 creatures vanquished.

Grand Total: 441 creatures vanquished

Notes
Turn   | Place    | Note
-------+----------+-------------------------------------------
     0 | D:1      | enile the Djinni Fire Elementalist began the quest for the
                  | Orb.
     0 | D:1      | Reached XP level 1. HP: 15/15 MP: 0/0
   208 | D:1      | Reached skill level 1 in Fighting
   441 | D:1      | Reached XP level 2. HP: 10/22 MP: 0/0
   955 | D:1      | Reached skill level 2 in Fighting
  1345 | D:1      | Reached XP level 3. HP: 26/28 MP: 0/0
  1345 | D:1      | Learned a level 1 spell: Animate Skeleton
  1727 | D:2      | Found Keje's Distillery.
  2582 | D:2      | Found a hide-covered altar of Uskayaw.
  2608 | D:2      | Reached XP level 4. HP: 30/33 MP: 0/0
  3461 | D:3      | Found a shimmering altar of Xom.
  3710 | D:3      | Found a faded altar of an unknown god.
  3747 | D:3      | Prayed at the altar of an unknown god.
  3747 | D:3      | Became a worshipper of Dithmenos the Shadowed
  3747 | D:3      | Reached * piety under Dithmenos
  3752 | D:3      | Identified the +8 hand axe of Dominance {venom, Stlth+}
  4045 | D:3      | Reached XP level 5. HP: 37/38 MP: 0/0
  4045 | D:3      | Learned a level 2 spell: Ensorcelled Hibernation
  5072 | D:4      | Noticed a bullfrog
  5076 | D:4      | Killed a bullfrog
  5077 | D:4      | Reached skill level 3 in Fighting
  5077 | D:4      | Reached XP level 6. HP: 27/46 MP: 0/0
  5086 | D:4      | Reached skill level 4 in Fighting
  5102 | D:4      | Noticed a sky beast
  5524 | D:4      | Reached ** piety under Dithmenos
  5628 | D:4      | Noticed Eustachio
  5980 | D:4      | Noticed Ijyb
  5985 | D:4      | Killed Ijyb
  6039 | D:4      | Killed Eustachio
  6040 | D:4      | Reached skill level 5 in Fighting
  6040 | D:4      | Reached XP level 7. HP: 39/54 MP: 0/0
  6040 | D:4      | Learned a level 2 spell: Static Discharge
  6423 | D:5      | Entered Level 5 of the Dungeon
  6442 | D:5      | Noticed a water moccasin
  6452 | D:5      | Reached skill level 6 in Fighting
  6454 | D:5      | Slain by a gnoll

Illustrated notes

Levels and vault maps discovered:
D:1:      dpeg_arrival_ternary, layout_basic
D:2:      layout_basic, serial_shops, nicolae_diamond_shop, basic_altar,
          serial_park_tiny_1
D:3:      layout_loops_corners, mainiacjoe_overflow_24_doors,
          hellmonk_ecumenical_altar_crossroads,
          nicolae_concentric_dashed_squares_mild
D:4:      layout_basic, minivault_19, ebering_dispersal_statue_hall,
          kennysheep_generic_room_5, uniq_eustachio, uniq_ijyb
D:5:      layout_basic, temple_green

Skill      XL: |  1  2  3  4  5  6  7 |
---------------+----------------------+-----
Fighting       | 1 2 3 5 6 |  6.0
Spellcasting   | 3 4 |  4.0
Dodging        | |  2.9
Stealth        | |  1.5

Action                   |  1- 3 |  4- 6 |  7- 9 || total
-------------------------+-------+-------+-------++-------
Melee: Dagger            |     1 |       |       ||     1
       Hand axe          |       |     7 |       ||     7
Throw: Throwing net      |       |     1 |       ||     1
 Cast: Foxfire           |    98 |   101 |    20 ||   219
       Scorch            |     2 |    16 |     1 ||    19
       Inner Flame       |       |    11 |     3 ||    14
       Animate Skeleton  |       |       |     1 ||     1
       Static Discharge  |       |       |     1 ||     1
  Use: Scroll            |     1 |     6 |     2 ||     9
       Potion            |       |       |     1 ||     1
 Stab: Sleeping          |     1 |       |       ||     1
Armor: Robe              |     2 |     4 |       ||     6
Dodge: Dodged            |     8 |    19 |     3 ||    30

Table legend: (Time is in decaauts)
 A = Elapsed time spent in this place.
 B = Non-inter-level travel time spent in this place.
 C = Inter-level travel time spent in this place.
 D = Time resting spent in this place.
 E = Time spent auto-exploring this place.
 F = Levels seen in this place.
 G = Mean time per level.
                   A        B        C        D        E       F      G
               +--------+--------+--------+--------+--------+-----+--------+
         Total |   6464 |   6269 |    195 |    900 |   4600 |   5 | 1292.8 |
       Dungeon |   6464 |   6269 |    195 |    900 |   4600 |   5 | 1292.8 |
               +--------+--------+--------+--------+--------+-----+--------+

Top non-repeatable levels by time:
     D:2: 1721 daAuts
     D:1: 1697 daAuts
     D:3: 1546 daAuts
     D:4: 1468 daAuts
     D:5: 30 daAuts
